 Dungeon Crawl Stone Soup version 0.23-a0-586-gacb4b3f (webtiles) character file.

81 galech the Covered (level 4, -1/35 HPs)
             Began as a Demonspawn Fighter on Dec 19, 2018.
             Splashed by a jelly's acid (9 damage)
             ... on level 2 of the Dungeon.
             The game lasted 00:01:36 (1540 turns).

galech the Covered (Demonspawn Fighter)             Turns: 1540, Time: 00:01:37

Health: -1/35      AC: -4    Str: 17    XL:     4   Next: 20%
Magic:  4/4        EV:  2    Int:  9    God:
Gold:   102        SH:  9    Dex: 13    Spells: 3/3 levels left

rFire    . . .     SeeInvis .   a - +0 war axe
rCold    . . .     Gourm    .   c - +0 shield
rNeg     . . .     Faith    .   k - +0 plate armour
rPois    .         Spirit   .   (no helmet)
rElec    .         Reflect  .   (no cloak)
rCorr    .         Harm     .   (no gloves)
MR       .....                  (no boots)
Stlth    ..........             (no amulet)
HPRegen  0.11/turn              (no ring)
MPRegen  0.09/turn              (no ring)

@: corroded
A: demonic guardian 2
a: no special abilities


You were on level 2 of the Dungeon.
You were not hungry.

You visited 1 branch of the dungeon, and saw 2 of its levels.

You collected 102 gold pieces.

Inventory:

Hand Weapons
 a - a +0 war axe (weapon)
Armour
 b - a +0 scale mail
 c - a +0 shield (worn)
 k - a +0 plate armour (worn)
Scrolls
 e - a scroll of immolation {unknown}
 h - 3 scrolls of remove curse {unknown}
 i - 4 scrolls of identify {unknown}
 l - 2 scrolls of teleportation {unknown}
Potions
 d - a potion of might
 g - a potion of agility {unknown}
 j - a potion of lignification {unknown}
 m - 2 potions of degeneration {unknown}
 n - 2 potions of curing {unknown}
 p - a potion of experience {unknown}
Comestibles
 f - 2 rations
 o - 3 chunks of flesh


   Skills:
 + Level 3.4 Fighting
 + Level 2.2 Axes
 + Level 3.5 Armour
 + Level 3.3 Shields


You had 3 spell levels left.
You didn't know any spells.
Your spell library was empty.

Dungeon Overview and Level Annotations

Branches:
Dungeon (2/15)

Altars:
Vehumet


Innate Abilities, Weirdness & Mutations

A demonic guardian rushes to your aid.


Message History

The jelly is almost dead.
The jelly hits you.
You are splashed with acid!
The acid burns!
You are too injured to fight recklessly!
You are too injured to fight recklessly!
You are too injured to fight recklessly!
You are too injured to fight recklessly!
You are too injured to fight recklessly!
You are too injured to fight recklessly!
You are too injured to fight recklessly!
You are too injured to fight recklessly!
You are too injured to fight recklessly!
You are too injured to fight recklessly!
You are too injured to fight recklessly!
You are too injured to fight recklessly!
You hit the jelly but do no damage. The acid corrodes you!
Your hands burn!
The jelly is almost dead.
The jelly hits you.
* * * LOW HITPOINT WARNING * * *
The acid corrodes you!
You are splashed with acid!
The acid burns!
You die...

#.# #..# #.### #.#
#..# #.######## #.#
#..# #......... #.#
#..# #..####### #.#
#..# #####..#######
#.# #..#
#...†.......## ####.#
#..# #.#...........
.....#
#..#####.#.#..####.##
######
#...@J...#.#..####.##
##.#######.#.......##
#.. . ##......(. ###
# #########


You could see a jelly.

Vanquished Creatures
  Jessica (D:2)
  An adder (D:2)
  3 dart slugs (D:1)
  A leopard gecko (D:2)
  2 bats
  6 giant cockroaches
  4 hobgoblins (D:1)
  3 jackals (D:1)
  2 quokkas (D:2)
  A ball python (D:1)
  2 frilled lizards (D:1)
  6 goblins
  9 kobolds
  3 rats
44 creatures vanquished.

Notes
Turn   | Place    | Note
-------+----------+-------------------------------------------
     0 | D:1      | galech the Demonspawn Fighter began the quest for the Orb.
     0 | D:1      | Reached XP level 1. HP: 18/18 MP: 1/1
    72 | D:1      | Gained mutation: A weak demonic guardian rushes to your
                  | aid. [demonic ancestry]
    72 | D:1      | Reached XP level 2. HP: 23/24 MP: 2/2
   465 | D:1      | Reached XP level 3. HP: 28/29 MP: 3/3
   826 | D:2      | Noticed Jessica
   836 | D:2      | Killed Jessica
   836 | D:2      | Gained mutation: A demonic guardian rushes to your aid.
                  | [demonic ancestry]
   836 | D:2      | Reached XP level 4. HP: 20/35 MP: 4/4
  1196 | D:2      | Found a radiant altar of Vehumet.
  1540 | D:2      | Splashed by a jelly's acid

Vault maps used:
D:1:      dpeg_arrival_pits
D:2:      nicolae_overflow_hidden_temple, uniq_jessica

Skill      XL: |  1  2  3 |
---------------+----------+-----
Shields        | 3 |  3.3
Axes           | 2 |  2.2
Armour         | 3 |  3.5
Fighting       | |  3.4

Action                   |  1- 3 |  4- 6 || total
-------------------------+-------+-------++-------
Melee: War axe           |   117 |    44 ||   161
  Eat: Chunk             |       |     2 ||     2
Armor: Scale mail        |    11 |       ||    11
       Plate armour      |    64 |    30 ||    94
Dodge: Dodged            |    16 |     1 ||    17
Block: Shield            |    59 |    25 ||    84

Table legend:
 A = Non-vault XP
 B = Vault XP
 C = Vault XP percentage of total XP
 D = Non-vault monster count
 E = Vault monster count
 F = Vault count percentage of total count
                 A         B        C        D         E       F
            +---------+---------+-------+---------+---------+-------
      Total |      87 |      30 |  25.6 |      43 |       1 |   2.3
            +---------+---------+-------+---------+---------+-------
        D:1 |      49 |       0 |   0.0 |      26 |       0 |   0.0
        D:2 |      38 |      30 |  44.1 |      17 |       1 |   5.6
            +---------+---------+-------+---------+---------+-------
